 Dungeon Crawl Stone Soup version 0.21.1-1-g345015f (webtiles) character file.

271 wojtek the Chopper (level 6, -8/51 HPs)
             Began as a Minotaur Fighter on July 23, 2018.
             Was an Initiate of Makhleb.
             Mangled by an ogre
             ... wielding a +0 giant club
              (20 damage)
             ... on level 5 of the Dungeon.
             The game lasted 00:03:33 (2358 turns).

wojtek the Chopper (Minotaur Fighter)               Turns: 2358, Time: 00:03:33

Health: -8/51      AC:  8    Str: 22    XL:     6   Next: 2%
Magic:  7/7        EV:  7    Int:  5    God:    Makhleb [......]
Gold:   80         SH:  9    Dex: 10    Spells: 5/5 levels left

rFire    . . .     SeeInvis .   a - +0 war axe
rCold    . . .     Gourm    .   c - +0 shield
rNeg     . . .     Faith    .   b - +0 scale mail
rPois    .         Spirit   .   (helmet restricted)
rElec    .         Reflect  .   (no cloak)
rCorr    .         Harm     .   j - +0 pair of gloves
MR       .....                  (no boots)
Stlth    ..........             (no amulet)
HPRegen  0.17/turn              (no ring)
MPRegen  0.10/turn              (no ring)

@: no status effects
A: retaliatory headbutt, horns 2
a: Renounce Religion


You were on level 5 of the Dungeon.
You worshipped Makhleb.
Makhleb was noncommittal.
You were not hungry.

You visited 1 branch of the dungeon, and saw 5 of its levels.

You collected 80 gold pieces.

Inventory:

Hand Weapons
 a - a +0 war axe (weapon)
Armour
 b - a +0 scale mail (worn)
 c - a +0 shield (worn)
 j - a +0 pair of gloves (worn)
Scrolls
 h - a scroll of noise
 k - a scroll of remove curse
 m - a scroll of identify
 o - a scroll of enchant armour {unknown}
Potions
 d - a potion of might
 e - a potion of haste {unknown}
 g - a potion of cancellation {unknown}
 l - a potion of curing {unknown}
Comestibles
 f - 4 rations
 i - 2 chunks of flesh


   Skills:
 - Level 3.6 Fighting
 + Level 6.7 Axes
 - Level 3.6 Armour
 - Level 3.6 Shields
 + Level 2.7 Invocations


You had 5 spell levels left.
You didn't know any spells.

Dungeon Overview and Level Annotations

Branches:
Dungeon (5/15)             Temple (0/1) D:5

Altars:
Makhleb
Nemelex Xobeh

Annotations:
D:2 Sigmund
D:4 aaksess's ghost, amateur GnWz
D:5 1 runed door


Innate Abilities, Weirdness & Mutations

You reflexively headbutt those who attack you in melee.
You have a pair of horns on your head.


Message History

The ogre hits you with a giant club!!
You barely miss the ogre. The ogre hits you with a giant club!
* * * LOW HITPOINT WARNING * * *
You are too injured to fight recklessly!
You block the leopard gecko's attack.
You aren't carrying any items that you can evoke.
Unknown command.
Okay, then.
Unknown command.
As you read the scroll labeled CULICK XUUS, it crumbles to dust.
You feel aware of your surroundings.
You sensed 1 altar.
It was a scroll of magic mapping.
The leopard gecko bites you but does no damage.
The leopard gecko bites you but does no damage.
The leopard gecko bites you.
* * * LOW HITPOINT WARNING * * *
The leopard gecko barely misses you.
The leopard gecko bites you but does no damage.
The ogre hits you with a giant club!!
You die...

**,,,,,,,,,*#....._..#
#.. *,,,,,,,,,*#....⌠(⌠##
#.. *,,,,,,,,,*###.....#
#.. *,,,,,,,,,***#.#####
#..
*,,,,,,,,,,,,#)#..######
#..
*,,,,,,,.,,,,#....##...#
###
*,,,,,,,..!,,###.###...#
#
*,,,,,,,.....#..l......#
#
****,,,,,.......@O......#
# **
*,,,,,.#...#.........# ,*
*,,,,,....,#........?# ,*
*,,,,,...,,#.........# ,*
**,**,,.,,,########### ,*
*,**,,,,*** ,* *,**,,,,*
* ** *,**,,,,* * *
*,******* *


You could see an ogre and a leopard gecko.

Vanquished Creatures
  A phantom (D:5)
  A hound (D:4)
  Terence (D:2)
  4 adders
  2 shadow imps (D:5)
  3 worms
  3 dart slugs (D:1)
  2 leopard geckos (D:2)
  An orc (D:5)
  3 giant cockroaches
  4 goblins
  8 hobgoblins
  6 jackals
  4 kobolds
  2 quokkas (D:2)
  A ball python (D:1)
  7 bats
  6 frilled lizards
  8 rats
67 creatures vanquished.

Vanquished Creatures (others)
  An adder skeleton (D:5)
  4 jackals (D:5)
5 creatures vanquished.

Grand Total: 72 creatures vanquished

Notes
Turn   | Place    | Note
-------+----------+-------------------------------------------
     0 | D:1      | wojtek the Minotaur Fighter began the quest for the Orb.
     0 | D:1      | Reached XP level 1. HP: 19/19 MP: 0/0
     9 | D:1      | Reached skill level 3 in Axes
   209 | D:1      | Reached XP level 2. HP: 19/26 MP: 1/1
   491 | D:1      | Reached skill level 4 in Axes
   794 | D:1      | Reached XP level 3. HP: 30/31 MP: 2/2
  1047 | D:2      | Reached skill level 5 in Axes
  1109 | D:2      | Noticed Terence
  1132 | D:2      | Killed Terence
  1132 | D:2      | Reached XP level 4. HP: 34/39 MP: 3/3
  1186 | D:2      | Found a burning altar of Makhleb.
  1246 | D:2      | Became a worshipper of Makhleb the Destroyer
  1406 | D:2      | Noticed Sigmund
  1895 | D:3      | You fall through a shaft for 2 floors!
  1895 | D:5      | Entered Level 5 of the Dungeon
  1895 | D:5      | Noticed a phantom
  1895 | D:5      | Noticed an ogre
  1898 | D:4      | Noticed aaksess's ghost (amateur GnWz)
  1926 | D:5      | Killed a phantom
  1926 | D:5      | Reached skill level 6 in Axes
  1926 | D:5      | Reached XP level 5. HP: 34/45 MP: 3/5
  2255 | D:5      | Found a runed door.
  2289 | D:5      | Found a sparkling altar of Nemelex Xobeh.
  2333 | D:5      | Reached XP level 6. HP: 51/51 MP: 5/7
  2358 | D:5      | Mangled by an ogre

Skill      XL: |  1  2  3  4 |
---------------+-------------+-----
Axes           | 3 4 5 6 |  6.7
Invocations    | 2 |  2.7
Fighting       | |  3.6
Armour         | |  3.6
Shields        | |  3.6

Action                   |  1- 3 |  4- 6 || total
-------------------------+-------+-------++-------
Melee: War axe           |   102 |    78 ||   180
       Headbutt          |     9 |     9 ||    18
  Use: Scroll            |     3 |     1 ||     4
  Eat: Chunk             |     1 |     4 ||     5
Armor: Scale mail        |    37 |    41 ||    78
Dodge: Dodged            |    24 |    23 ||    47
Block: Shield            |    63 |    43 ||   106
